 Dungeon Crawl Stone Soup version 0.22-a0-252-gcace5d2 (webtiles) character file.

39 KristoblXynda the Charlatan (level 3, -4/28 HPs)
             Began as a Draconian Artificer on Mar 2, 2018.
             Slain by a goblin
             ... wielding a +0 dagger
             ... led by Robin
              (5 damage)
             ... on level 2 of the Dungeon.
             The game lasted 00:01:57 (983 turns).

KristoblXynda the Charlatan (Draconian Artificer)    Turns: 983, Time: 00:01:58

Health: -4/28      AC:  5    Str: 15    XL:     3   Next: 26%
Magic:  5/5        EV: 12    Int: 11    God:
Gold:   39         SH:  0    Dex: 11    Spells: 2/2 levels left

rFire    . . .     SeeInvis .   m - -1 whip (curse)
rCold    . . .     Gourm    .   (no shield)
rNeg     . . .     Faith    .   (armour unavailable)
rPois    .         Spirit   .   (helmet restricted)
rElec    .         Reflect  .   (no cloak)
rCorr    .         Harm     .   (no gloves)
MR       .....                  (no boots)
Stlth    +.........             (no amulet)
HPRegen  0.09/turn              (no ring)
MPRegen  0.09/turn              (no ring)

@: no status effects
A: unfitting armour, cold-blooded, AC +5
a: no special abilities


You were on level 2 of the Dungeon.
You were not hungry.

You visited 1 branch of the dungeon, and saw 2 of its levels.

You collected 39 gold pieces.

Inventory:

Hand Weapons
 k - a +0 hand axe of chopping
 m - a cursed -1 whip (weapon)
Jewellery
 h - an uncursed amulet of magic regeneration {unknown}
Wands
 b - a wand of flame (15)
 c - a wand of enslavement (15)
 d - a wand of random effects (15)
Potions
 j - a potion of lignification {unknown}
Comestibles
 a - 2 chunks of flesh
 f - 2 rations


   Skills:
 - Level 1.1 Fighting
   Level 1.0 Short Blades
 * Level 1.2 Axes
 + Level 2.4 Dodging
 - Level 0.8 Stealth
 + Level 3.5 Evocations


You had 2 spell levels left.
You didn't know any spells.

Dungeon Overview and Level Annotations

Branches:
Dungeon (2/15)

Altars:

Annotations:
D:2 Robin


Innate Abilities, Weirdness & Mutations

Your plain brown scales are hard. (AC +5)
You cannot fit into any form of body armour.
You are cold-blooded and may be slowed by cold attacks.


Message History

A giant cockroach comes into view.
You miss the goblin.
The goblin is heavily wounded.
The goblin barely misses you. The goblin hits you but does no damage.
The giant cockroach moves out of view.
Robin barely misses you. The goblin closely misses you.
Unknown command.
You miss the goblin.
Your tail-slap misses the goblin.
The goblin is heavily wounded.
The goblin barely misses you. The goblin closely misses you.
Robin hits you from afar with a spear.
* * * LOW HITPOINT WARNING * * *
The goblin completely misses you.
You hit the goblin.
You kill the goblin!
The goblin closely misses you. x2; Robin barely misses you.
The goblin misses you.
Unknown command.
You barely miss the goblin. The goblin hits you with a dagger.
You die...

*,..#*#..........#
**#...#..g.......#
**#..$...g.<...#
##...........#
#.#!.########
#.....g####
####..)g((### ***
##.###g..# **,*
#gbg@g.##**,,*
********#sg#####*,,,**
*****,,,,,...[.#
*<,,***
,,,,,,***#####.# *,***
******* *.# **,*
****,***,,*
*,,,,,,,,,*
*,,,,,,,,,*
*,,,,,,,,,*


You could see Robin, a giant cockroach (wandering), 4 goblins and a bat.

Vanquished Creatures
  An ooze (D:2)
  2 dart slugs (D:1)
  2 giant cockroaches (D:2)
  2 hobgoblins (D:2)
  5 jackals
  A kobold (D:1)
  2 bats (D:1)
  8 goblins
  4 rats
27 creatures vanquished.

Notes
Turn   | Place    | Note
-------+----------+-------------------------------------------
     0 | D:1      | KristoblXynda the Draconian Artificer began the quest for the Orb.
     0 | D:1      | Reached XP level 1. HP: 16/16 MP: 3/3
   118 | D:1      | Reached XP level 2. HP: 14/23 MP: 4/4
   939 | D:2      | Reached skill level 1 in Axes
   944 | D:2      | Reached XP level 3. HP: 9/28 MP: 5/5
   964 | D:2      | Noticed Robin
   981 | D:2      | HP: 1/28 [Robin/spear (5)]
   983 | D:2      | Slain by a goblin

Vault maps used:
D:1:      lightli_iron_boxes
D:2:      first_ration, uniq_robin

Skill      XL: |  1  2 |
---------------+-------+-----
Dodging        | 2 |  2.4
Axes           | 1 |  1.2
Fighting       | |  1.1
Short Blades   | |  1.0
Stealth        | |  0.8
Evocations     | |  3.5

Action                   || total
-------------------------++-------
Melee: Short sword       ||    32
       Tailslap          ||    13
       Whip              ||    58
       Hand axe          ||    10
  Use: Scroll            ||     4
       Potion            ||     1
 Stab: Sleeping          ||     2
Armor: Skin              ||    21
Dodge: Dodged            ||   103

Table legend:
 A = Spawn XP
 B = Non-spawn XP
 C = Spawn XP percentage of total XP
 D = Spawn monster count
 E = Non-spawn monster count
 F = Spawn count percentage of total count
 G = Total turns spent on level
                    A         B        C        D         E        F      G
               +---------+---------+-------+---------+---------+-------+---------
         Total |       0 |      56 |   0.0 |       0 |      27 |   0.0 |   983
               +---------+---------+-------+---------+---------+-------+---------
           D:1 |       0 |      23 |   0.0 |       0 |      12 |   0.0 |   881
           D:2 |       0 |      33 |   0.0 |       0 |      15 |   0.0 |   102
               +---------+---------+-------+---------+---------+-------+---------
